AoeStats
← 一剑扫秋风nelson

Black Forest

504685789Analyzed
4v4 RM · 26d ago on Sep 6, 2026· 52m 50s· 8 players
Game mode
Random Map
Map size
Large (8 player)
Population
200
Speed
Normal
Resources
Standard
Victory
Conquest
Starting age
Dark Age
Ending age
Imperial Age
RankedLock teamsTeams togetherTeam positionsShared explorationLock speedFull tech treeHidden civsTurbo modeCheats
Victory
Defeat
🇺🇸 Bulgarians · United States
1646
+25
🇨🇳 Mapuche · China
1635
+26
🇭🇰 Byzantines · Hong Kong SAR China
1564
+27
🇺🇸 Gurjaras · United States
1551
+27
🇨🇳 Muisca · China
1913
-27
🇺🇸 Britons · United States
1880
-27
🇦🇺 Khmer · Australia
1862
-26
🇻🇳 Burgundians · Vietnam
1827
-25
一剑扫秋风nelson
11:12 Feudal Age
11:21 Champi Runner
11:47 Double-Bit Axe
12:28 Loom
16:50 Castle Age
15:01 Horse Collar
15:18 Gold Mining
16:28 Town Watch
17:43 Heavy Plow
19:20 Bow Saw
19:07 Town Watch
24:19 Wheelbarrow
29:51 Imperial Age
28:12 Scale Mail Armor
29:34 Chain Mail Armor
29:20 Squires
30:06 Forging
30:30 Champi Warrior
31:48 Herbalism
32:26 Iron Casting
32:24 Plate Mail Armor
31:50 Elite Champi Warrior
32:17 Capped Ram
34:00 Iron Casting
34:35 Conscription
35:43 Siege Engineers
35:45 Elite Temple Guard
37:18 Coinage
38:51 Hand Cart
39:28 Crop Rotation
40:10 Town Patrol
40:13 Fletching
43:13 Bodkin Arrow
43:40 Ballistics
44:50 Chemistry
44:36 Guard Tower
48:21 Keep
47:56 Masonry
50:55 Pikeman
(^)(;,,;)(^)
7:17 Loom
11:17 Feudal Age
11:54 Town Watch
12:01 Double-Bit Axe
14:55 Castle Age
12:41 Horse Collar
15:53 Bow Saw
15:52 Heavy Plow
21:18 Pikeman
22:48 Wheelbarrow
23:28 Squires
29:33 Hand Cart
33:26 Imperial Age
31:04 Fletching
31:16 Gold Mining
31:53 Bodkin Arrow
32:00 Scale Mail Armor
33:11 Forging
33:56 Ballistics
34:50 Padded Archer Armor
35:14 Bracer
38:25 Padded Archer Armor
38:30 Warwolf
40:18 Chemistry
39:50 Leather Archer Armor
40:29 Fortified Wall
40:42 Halberdier
41:48 Chain Mail Armor
42:08 Iron Casting
43:07 Plate Mail Armor
45:19 Two-Man Saw
46:12 Conscription
45:40 Onager
46:16 Elite Skirmisher
47:28 Ring Archer Armor
Timbrhoggvandi
0:45 Loom
13:28 Feudal Age
17:07 Castle Age
15:16 Double-Bit Axe
16:12 Gold Mining
18:11 Bow Saw
46:33 Wheelbarrow
saymynameBook
2:26 Loom
4:46 Double-Bit Axe
11:25 Feudal Age
15:31 Castle Age
13:56 Bow Saw
14:57 Gold Mining
18:17 Two-Man Saw
17:57 Sanctity
19:42 Redemption
21:05 Horse Collar
27:21 Wheelbarrow
31:10 Imperial Age
29:30 Heavy Plow
30:16 Hand Cart
30:38 Gold Shaft Mining
29:54 Stone Mining
30:57 Fletching
31:08 Padded Archer Armor
31:53 Burgundian Vineyards
32:53 Chemistry
32:25 Crop Rotation
32:22 Conscription
33:12 Bodkin Arrow
33:33 Leather Archer Armor
33:55 Block Printing
34:19 Elite Skirmisher
35:05 Town Watch
35:49 Bracer
36:01 Masonry
36:14 Ballistics
37:36 Illumination
39:02 Caravan
39:33 Coinage
42:41 Forging
42:36 Scale Barding Armor
52:09 Chain Barding Armor
52:25 Iron Casting
52:37 Architecture
52:43 Hoardings
CNZS_MING
1:01 Loom
12:47 Feudal Age
13:32 Double-Bit Axe
16:22 Castle Age
14:04 Horse Collar
17:38 Town Watch
18:23 Bow Saw
24:41 Fletching
26:08 Bodkin Arrow
29:21 Ballistics
32:15 Imperial Age
30:18 Padded Archer Armor
30:28 Gold Mining
30:29 Stone Mining
31:08 Leather Archer Armor
31:49 Wheelbarrow
34:00 Chemistry
32:59 Elite Skirmisher
33:24 Elite Bolas Rider
34:16 Capped Ram
35:56 Ring Archer Armor
37:15 Siege Engineers
37:45 Conscription
39:19 Hand Cart
39:41 Malon
40:36 Butalmapu
44:33 Hoardings
44:48 Heavy Plow
45:24 Gold Shaft Mining
45:25 Stone Shaft Mining
45:37 Onager
48:03 Masonry
47:33 Treadmill Crane
48:45 Crop Rotation
51:17 Architecture
51:52 Coinage
Andy
10:48 Feudal Age
14:45 Castle Age
13:25 Horse Collar
14:11 Double-Bit Axe
15:53 Bow Saw
27:37 Imperial Age
25:17 Fletching
25:53 Bodkin Arrow
25:59 Padded Archer Armor
26:24 Gold Mining
26:24 Crossbowman
28:20 Bracer
29:26 Chemistry
29:29 Ballistics
29:55 Arbalester
31:12 Thumb Ring
33:01 Leather Archer Armor
34:17 Bombard Tower
43:14 Caravan
45:31 Conscription
50:03 Ring Archer Armor
49:15 Treadmill Crane
KaLong
11:13 Feudal Age
15:19 Castle Age
14:43 Scale Barding Armor
14:30 Double-Bit Axe
15:22 Forging
15:32 Horse Collar
17:09 Loom
18:16 Bloodlines
27:32 Iron Casting
27:52 Bow Saw
28:41 Wheelbarrow
28:32 Heavy Plow
29:48 Chain Barding Armor
31:19 Town Watch
32:46 Gold Mining
34:04 Gold Shaft Mining
34:19 Husbandry
37:00 Imperial Age
38:16 Elite Shrivamsha Rider
45:01 Hand Cart
49:45 Caravan
BomBomB0
0:37 Loom
11:55 Feudal Age
13:00 Double-Bit Axe
18:47 Castle Age
16:41 Horse Collar
19:47 Bow Saw
19:53 Heavy Plow
21:19 Wheelbarrow
25:12 Fletching
27:07 Hand Cart
27:43 Bodkin Arrow
28:40 Gold Mining
29:59 Gold Shaft Mining
29:11 Town Watch
28:55 Light Cavalry
29:46 Bloodlines
29:37 Husbandry
32:31 Imperial Age
30:19 Husbandry
30:30 Scale Barding Armor
30:15 Light Cavalry
31:17 Chain Barding Armor
31:08 Forging
31:04 Devotion
32:16 Stone Mining
33:37 Stone Shaft Mining
32:33 Onager
32:46 Hussar
33:37 Bloodlines
34:08 Iron Casting
34:10 Siege Onager
35:47 Siege Engineers
36:02 Ballistics
36:43 Chemistry
35:54 Masonry
37:32 Bracer
38:07 Plate Barding Armor
38:33 Blast Furnace
39:25 Heresy
39:08 Caravan
40:32 Padded Archer Armor
40:33 Stirrups
40:58 Conscription
48:03 Scale Mail Armor
48:05 Squires
47:51 Arson
47:52 Gambesons
48:26 Capped Ram
51:22 Siege Ram
51:37 Elite Konnik
52:35 Chain Mail Armor
51:42 Pikeman
Connection lost

Rejoining the realm…

Still unreachable

The connection could not be restored.

Session expired

The server has moved on; the page needs a fresh start.